AoeStats
← [Anvil] Suicidal Meat Shield

African Clearing

506561782Analyzed
4v4 RM · 19d ago on Sep 14, 2026· 21m 14s· 8 players
Game mode
Random Map
Map size
Large (8 player)
Population
200
Speed
Normal
Resources
Standard
Victory
Conquest
Starting age
Dark Age
Ending age
Imperial Age
RankedLock teamsTeams togetherTeam positionsShared explorationLock speedFull tech treeHidden civsTurbo modeCheats
Victory
Defeat
🇬🇧 Huns · United Kingdom
1543
+10
🇻🇳 Magyars · Vietnam
1506
+11
🇺🇸 Vietnamese · United States
1463
+13
🇵🇱 Spanish · Poland
1424
+14
🇨🇱 Malians · Chile
1418
-13
🇨🇱 Vikings · Chile
1410
-13
🇨🇱 Saracens · Chile
1394
-12
🇨🇱 Italians · Chile
1336
-10
[Anvil] Suicidal Meat Shield
10:59 Feudal Age
13:11 Forging
15:48 Loom
17:07 Bloodlines
17:31 Scale Barding Armor
18:28 Double-Bit Axe
This is Kawaii
4:37 Loom
12:50 Feudal Age
17:39 Castle Age
15:55 Double-Bit Axe
16:47 Stone Mining
u
9:45 Loom
9:50 Loom
12:13 Feudal Age
13:35 Town Watch
16:18 Castle Age
17:08 Fletching
17:16 Double-Bit Axe
Alt+F4 | Haise
6:54 Loom
12:24 Feudal Age
13:36 Double-Bit Axe
19:08 Castle Age
17:34 Fletching
ATELLo
9:50 Loom
12:12 Feudal Age
13:29 Double-Bit Axe
15:30 Fletching
15:40 Padded Archer Armor
17:22 Scale Mail Armor
Leonardo
10:17 Loom
12:27 Feudal Age
17:07 Town Watch
22:32 Castle Age
Gus Dekkers
9:41 Loom
9:59 Loom
12:10 Feudal Age
14:27 Scale Barding Armor
15:42 Forging
20:39 Scale Mail Armor
Mancodios
4:46 Loom
14:09 Feudal Age
14:54 Double-Bit Axe
Connection lost

Rejoining the realm…

Still unreachable

The connection could not be restored.

Session expired

The server has moved on; the page needs a fresh start.